 Dungeon Crawl Stone Soup version 0.22-a0-368-g870eee8 (webtiles) character file.

2716 wirefist the Grappler (level 9, 0/81 HPs)
             Began as a Ghoul Monk on Apr 23, 2018.
             Was a Priest of Okawaru.
             Slain by a killer bee (7 damage)
             ... on level 8 of the Dungeon.
             The game lasted 00:25:04 (6143 turns).

wirefist the Grappler (Ghoul Monk)                  Turns: 6143, Time: 00:25:05

Health: 0/81       AC: 14    Str: 15      XL:     9   Next: 66%
Magic:  6/8        EV:  8    Int:  5      God:    Okawaru [***...]
Gold:   364        SH:  0    Dex: 13 (14) Spells: 8/8 levels left

rFire    . . .     SeeInvis .     - Unarmed
rCold    + + .     Gourm    .   (no shield)
rNeg     + + +     Faith    +   I - +0 plate armour
rPois    ∞         Spirit   .   C - +0 helmet
rElec    .         Reflect  .   r - +0 cloak
rCorr    .         Harm     .   (no gloves)
MR       .....                  (no boots)
Stlth    ..........             d - amulet of faith
HPRegen  0.00/turn              m - ring of protection from cold
MPRegen  0.11/turn              e - ring of wizardry

@: heroism, rotting
A: rotting body, claws 1, carnivore, cold resistance 1, negative energy
resistance 3, inhibited regeneration, torment resistance, unbreathing
a: Heroism, Renounce Religion


You were on level 8 of the Dungeon.
You worshipped Okawaru.
Okawaru was most pleased with you.
You were not hungry.

You visited 2 branches of the dungeon, and saw 9 of its levels.

You collected 418 gold pieces.
You spent 54 gold pieces at shops.

Inventory:

Hand Weapons
 E - the +6 dagger "Fidyotaa" {pierce, rF+ Int+2}
   (You found it on level 6 of the Dungeon)

   It inflicts extra damage upon your enemies.
   It affects your intelligence (+2).
   It protects you from fire.
Armour
 a - a +0 robe
 g - a +1 pair of boots
 l - a cursed +0 pair of gloves
 q - a +0 ring mail
 r - a +0 cloak (worn)
 s - a cursed +0 leather armour
 C - a +0 helmet (worn)
 I - a +0 plate armour (worn)
Jewellery
 d - an amulet of faith (around neck)
 e - a ring of wizardry (right claw)
 f - an uncursed amulet of harm
 m - a ring of protection from cold (left claw)
 D - a +3 ring of dexterity {unknown}
Wands
 y - a wand of iceblast (12)
 A - a wand of random effects (28)
 B - a wand of acid (8)
Scrolls
 c - 2 scrolls of teleportation
 h - 2 scrolls of immolation {unknown}
 k - 7 scrolls of identify
 n - 3 scrolls of remove curse
 o - 2 scrolls of fear
 p - 4 scrolls of magic mapping
 u - 2 scrolls of enchant weapon
 v - a scroll of amnesia
 w - 2 scrolls of enchant armour
 x - a scroll of random uselessness {unknown}
Potions
 i - 4 potions of resistance {unknown}
 j - 2 potions of degeneration {unknown}
 t - 4 potions of flight {unknown}
 z - a potion of haste
 G - a potion of invisibility {unknown}
 H - a potion of curing
Comestibles
 b - 10 rations


   Skills:
 + Level 7.8(12.8) Fighting
 + Level 0.0(5.0) Armour
 + Level 6.4(11.4) Dodging
 - Level 2.1(7.1) Stealth
 * Level 10.5(15.5) Unarmed Combat


You had 8 spell levels left.
You didn't know any spells.

Dungeon Overview and Level Annotations

Branches:
Dungeon (8/15)             Temple (1/1) D:6
   Lair: D:8-11

Altars:
Ashenzari
Cheibriados
Dithmenos
Elyvilon
Fedhas
Gozag
Hepliaklqana
Kikubaaqudgha
Makhleb
Nemelex Xobeh
Okawaru
Qazlal
Ru
Sif Muna
Trog
Uskayaw
Vehumet
Wu Jian
Xom
Yredelemnul
Zin
The Shining One

Shops:
D:4 [%([

Annotations:
D:2 Sigmund


Innate Abilities, Weirdness & Mutations

Your body is rotting away.
You thrive on raw meat.
You are immune to poison.
You have sharp fingernails.
You are carnivorous and can eat meat at any time.
Your flesh is cold resistant. (rC+)
You are immune to negative energy. (rN+++)
You do not regenerate when monsters are visible.
You are immune to unholy pain and torment.
You can survive without breathing.


Message History

The killer bee stings you.
* * * LOW HITPOINT WARNING * * *
The killer bee barely misses you.
You climb downwards.
Found 14 gold pieces, a runed long sword and a whip.
Found an escape hatch in the floor.
There is a stone staircase leading up here.
Okay, then.
You gain the combat prowess of a mighty hero.
The killer bee stings you.
* * * LOW HITPOINT WARNING * * *
The killer bee stings you.
* * * LOW HITPOINT WARNING * * *
The killer bee stings you but does no damage. x2
The killer bee barely misses you. x2
Your plate armour prevents you from hitting the killer bee.
The killer bee stings you.
* * * LOW HITPOINT WARNING * * *
The killer bee stings you!
You die...

...##) .....
.#.. ... .. #
##.###.###.#
#.....yy...#.#
#>....y@.....#
)...$..#######
...#### #


You could see 3 killer bees.

Vanquished Creatures
  Pikel (D:4)
  Menkaure (D:5)
  Edmund (D:5)
  Duvessa (D:4)
  2 slaves
  An orc warrior (D:7)
  A sky beast (D:5)
  A phantom (D:6)
  3 ogres
  2 bullfrogs (D:6)
  Dowan (D:4)
  4 scorpions
  A bullfrog zombie (D:6)
  3 crimson imps
  A quasit (D:7)
  2 bullfrog skeletons
  A hound (D:6)
  A jelly (D:5)
  4 orc priests
  Crazy Yiuf (D:2)
  Jessica (D:3)
  An iguana (D:5)
  5 orc wizards
  Ijyb (D:5)
  7 worker ants
  A gnoll (D:1)
  A howler monkey skeleton (D:5)
  7 adders
  A shadow imp (D:6)
  4 worms
  A dart slug (D:2)
  5 leopard geckos
  23 orcs
  9 bats
  8 giant cockroaches
  5 hobgoblins
  4 jackals (D:6)
  4 quokkas
  7 frilled lizards
  6 goblins
  A jackal skeleton (D:5)
  8 kobolds
  6 rats
149 creatures vanquished.

Vanquished Creatures (others)
  An orc wizard (D:4)
1 creature vanquished.

Grand Total: 150 creatures vanquished

Notes
Turn   | Place    | Note
-------+----------+-------------------------------------------
     0 | D:1      | wirefist the Ghoul Monk began the quest for the Orb.
     0 | D:1      | Reached XP level 1. HP: 19/19 MP: 0/0
   106 | D:1      | Reached XP level 2. HP: 24/24 MP: 1/1
   840 | D:2      | Reached skill level 4 in Unarmed Combat
   840 | D:2      | Reached XP level 3. HP: 29/29 MP: 2/2
   898 | D:2      | Found an opulent altar of Gozag.
  1053 | D:2      | Noticed Sigmund
  1407 | D:2      | Reached XP level 4. HP: 38/40 MP: 3/3
  1565 | D:2      | Found a runed door.
  1569 | D:2      | Noticed Crazy Yiuf
  1582 | D:2      | Killed Crazy Yiuf
  2068 | D:3      | Reached XP level 5. HP: 42/46 MP: 4/4
  2100 | D:3      | Found a burning altar of Makhleb.
  2143 | D:3      | Reached skill level 5 in Unarmed Combat
  2374 | D:3      | Noticed Jessica
  2380 | D:3      | Killed Jessica
  2643 | D:4      | Found Ajaa's Antique Armour Shop.
  2643 | D:4      | Noticed a slave
  2644 | D:4      | Noticed a slave
  2645 | D:4      | Noticed Pikel
  2645 | D:4      | Noticed a slave
  2662 | D:3      | Killed a slave
  2739 | D:4      | Noticed an ogre
  2750 | D:4      | Killed an ogre
  2750 | D:4      | Reached XP level 6. HP: 43/53 MP: 5/5
  2779 | D:4      | Found Juk Ome's Armour Boutique.
  2780 | D:4      | Noticed Dowan
  2781 | D:4      | Noticed Duvessa
  2800 | D:4      | Killed Duvessa
  2800 | D:4      | Reached skill level 6 in Unarmed Combat
  2917 | D:4      | Bought a +0 pair of boots for 54 gold pieces
  2941 | D:4      | Found Zoasucoodgh's Food Emporium.
  2971 | D:4      | Killed Dowan
  2971 | D:4      | Reached skill level 5 in Fighting
  2971 | D:4      | Reached XP level 7. HP: 21/60 MP: 6/6
  3186 | D:4      | Killed Pikel
  3186 | D:4      | Reached skill level 7 in Unarmed Combat
  3186 | D:4      | Reached XP level 8. HP: 42/70 MP: 7/7
  3244 | D:4      | Reached skill level 8 in Unarmed Combat
  3385 | D:4      | Found Kuorch's Weapon Boutique.
  3518 | D:4      | Reached skill level 5 in Dodging
  3602 | D:5      | Entered Level 5 of the Dungeon
  3723 | D:5      | Noticed Ijyb
  3739 | D:5      | Killed Ijyb
  3954 | D:5      | Noticed Menkaure
  3960 | D:5      | Killed Menkaure
  4162 | D:5      | Reached skill level 9 in Unarmed Combat
  4336 | D:5      | Noticed Edmund
  4352 | D:5      | Killed Edmund
  4352 | D:5      | Reached XP level 9. HP: 29/77 MP: 8/8
  4709 | D:6      | Found a staircase to the Ecumenical Temple.
  4758 | Temple   | Entered the Ecumenical Temple
  4864 | Temple   | Became a worshipper of Warmaster Okawaru
  4864 | Temple   | Reached * piety under Okawaru
  4864 | Temple   | Reached ** piety under Okawaru
  4946 | D:6      | Reached skill level 10 in Unarmed Combat
  4978 | D:6      | Got a brightly glowing dagger
  4979 | D:6      | Identified the +6 dagger "Fidyotaa" {pierce, rF+ Int+2} (You found it on level 6 of the Dungeon)
  6067 | D:7      | Reached *** piety under Okawaru
  6143 | D:8      | Slain by a killer bee

Vault maps used:
D:1:      lemuel_arrival_rhombus
D:2:      corexii_leaking_fountain, nicolae_gozag_seed_capital,
          uniq_crazy_yiuf_cottage, uniq_sigmund
D:3:      overflow_temple_1_default, bh_walls_and_bars, uniq_jessica
D:4:      first_ration, serial_shops, nicolae_shop_window_shopping,
          nicolae_shop_trees, nicolae_shop_overgrown_old_shop, kennysheep_mini,
          item_on_display_a, uniq_pikel, uniq_duvessa
D:5:      uniq_menkaure, uniq_edmund, uniq_ijyb
D:6:      minmay_temple_entry_water_ring, serial_glass, glass_columns_a,
          glass_columns_a
Temple:   kilobyte_greek_temple

Skill      XL: |  1  2  3  4  5  6  7  8  9 |
---------------+----------------------------+-----
Dodging        | 3 4 5 6 |  6.4
Unarmed Combat | 4 5 6 7 9 10 | 10.5
Fighting       | 4 5 6 7 |  7.8
Stealth        | |  2.1

Action                   |  1- 3 |  4- 6 |  7- 9 || total
-------------------------+-------+-------+-------++-------
Melee: Unarmed           |   105 |   149 |   334 ||   588
       Punch             |     2 |     1 |    11 ||    14
Invok: Heroism           |       |       |     1 ||     1
  Use: Scroll            |     3 |       |    11 ||    14
       Potion            |       |     1 |       ||     1
 Stab: Sleeping          |     8 |     9 |     2 ||    19
  Eat: Chunk             |    12 |    27 |    52 ||    91
Armor: Robe              |    27 |    19 |    41 ||    87
       Plate armour      |       |       |    18 ||    18
Dodge: Dodged            |    68 |    72 |   166 ||   306

Table legend:
 A = Spawn XP
 B = Non-spawn XP
 C = Spawn XP percentage of total XP
 D = Spawn monster count
 E = Non-spawn monster count
 F = Spawn count percentage of total count
 G = Total turns spent on level
                    A         B        C        D         E        F      G
               +---------+---------+-------+---------+---------+-------+---------
         Total |       0 |    3881 |   0.0 |       0 |     148 |   0.0 |  6143
               +---------+---------+-------+---------+---------+-------+---------
           D:1 |       0 |      32 |   0.0 |       0 |      15 |   0.0 |   951
           D:2 |       0 |      95 |   0.0 |       0 |      24 |   0.0 |   864
           D:3 |       0 |     106 |   0.0 |       0 |      22 |   0.0 |   849
           D:4 |       0 |    1248 |   0.0 |       0 |      20 |   0.0 |   938
           D:5 |       0 |    1124 |   0.0 |       0 |      27 |   0.0 |  1103
           D:6 |       0 |    1030 |   0.0 |       0 |      34 |   0.0 |   924
           D:7 |       0 |     246 |   0.0 |       0 |       6 |   0.0 |   366
               +---------+---------+-------+---------+---------+-------+---------
